 Dungeon Crawl Stone Soup version 0.21.1-1-g345015f (webtiles) character file.

53300 poirepourri the Warrior (level 14, -3/143 HPs)
             Began as a Minotaur Fighter on May 8, 2018.
             Was a High Priest of Qazlal.
             Slain by a six-headed hydra (6 damage)
             ... on level 6 of the Lair of Beasts.
             The game lasted 00:17:51 (14336 turns).

poirepourri the Warrior (Minotaur Fighter)         Turns: 14336, Time: 00:17:51

Health: -3/143     AC: 22    Str: 21    XL:     14   Next: 30%
Magic:  14/20      EV:  2    Int:  8    God:    Qazlal [*****.]
Gold:   1271       SH:  0    Dex: 17    Spells: 13/13 levels left

rFire    + . .     SeeInvis .   x - +4 flail (protect)
rCold    . . .     Gourm    +   c - +2 shield
rNeg     + + +     Faith    .   B - +2 scale mail {rF+}
rPois    ∞         Spirit   .   (helmet restricted)
rElec    .         Reflect  .   u - +1 cloak
rCorr    .         Harm     .   k - +1 pair of gloves
MR       +....                  p - +0 pair of boots
Stlth    +.........             w - amulet of the gourmand
HPRegen  0.33/turn              g - +5 ring of protection
MPRegen  0.17/turn              W - ring "Afurghaq" {Int+3 Dex+2 Stlth+}

@: petrified, protected from physical damage, repel missiles
A: retaliatory headbutt, horns 2
a: Upheaval, Elemental Force, Disaster Area, Renounce Religion


You were on level 6 of the Lair of Beasts.
You worshipped Qazlal.
Qazlal was extremely pleased with you.
You were not hungry.

You visited 2 branches of the dungeon, and saw 16 of its levels.
You also visited: Sewer.

You collected 1271 gold pieces.

Inventory:

Hand Weapons
 a - a +4 war axe of chopping
 x - a +4 flail of protection (weapon)
 C - the +2 war axe of Forgiveness {elec, *Slow +Rage rPois}
   (You found it on level 5 of the Dungeon)

   Occasionally, upon striking a foe, it will discharge some electrical energy
   and cause terrible harm.
   It protects you from poison.
   It lets you go berserk.
   It may slow you when you take damage.
Missiles
 q - 113 bolts
 J - 19 tomahawks (quivered)
 V - a throwing net
Armour
 c - a +2 shield (worn)
 k - a +1 pair of gloves (worn)
 p - a +0 pair of boots (worn)
 u - a +1 cloak (worn)
 B - a +2 scale mail of fire resistance (worn)
 Q - a +2 scale mail of positive energy
Jewellery
 g - a +5 ring of protection (left hand)
 w - an amulet of the gourmand (around neck)
 y - an uncursed ring of positive energy
 N - an uncursed ring of fire {unknown}
 P - an uncursed ring of stealth {unknown}
 W - the ring "Afurghaq" (right hand) {Int+3 Dex+2 Stlth+}
   (You found it on level 5 of the Lair of Beasts)

   [ring of stealth]

   It affects your intelligence (+3).
   It affects your dexterity (+2).
   It makes you more stealthy.
 Z - an uncursed ring of resist corrosion {unknown}
Wands
 o - a wand of enslavement (17)
 F - a wand of polymorph (15)
 I - a wand of random effects (38)
 O - a wand of paralysis (13)
Scrolls
 d - 12 scrolls of teleportation
 i - 7 scrolls of remove curse
 v - a scroll of fog
 G - 3 scrolls of brand weapon
 K - a scroll of fear
 U - 2 scrolls of silence {unknown}
 X - a scroll of enchant armour
Potions
 b - a potion of heal wounds
 e - 2 potions of agility
 f - 3 potions of ambrosia
 h - 2 potions of magic
 j - a potion of brilliance
 l - 3 potions of curing
 m - 3 potions of lignification
 n - 4 potions of flight
 r - 2 potions of invisibility
 s - 2 potions of mutation {unknown}
 z - 2 potions of resistance {unknown}
 H - a potion of berserk rage {unknown}
Books
 A - a book of Necromancy

   Spells                             Type                      Level
   a - Pain                           Necromancy                   1
   b - Animate Skeleton               Necromancy                   1
   c - Vampiric Draining              Necromancy                   3
   d - Regeneration                   Charms/Necromancy            3
   e - Animate Dead                   Necromancy                   4
   f - Borgnjor's Vile Clutch         Necromancy/Earth             5
 D - a book of Maledictions

   Spells                             Type                      Level
   a - Corona                         Hexes                        1
   b - Ensorcelled Hibernation        Hexes/Ice                    2
   c - Confuse                        Hexes                        3
   d - Tukima's Dance                 Hexes                        3
   e - Dazzling Spray                 Conjuration/Hexes            3
 L - a book of Frost

   Spells                             Type                      Level
   a - Freeze                         Ice                          1
   b - Throw Frost                    Conjuration/Ice              2
   c - Ozocubu's Armour               Charms/Ice                   3
   d - Throw Icicle                   Conjuration/Ice              4
   e - Summon Ice Beast               Ice/Summoning                4
 R - a book of Changes

   Spells                             Type                      Level
   a - Beastly Appendage              Transmutation                1
   b - Sticks to Snakes               Transmutation                2
   c - Spider Form                    Transmutation/Poison         3
   d - Ice Form                       Ice/Transmutation            4
   e - Blade Hands                    Transmutation                5
 S - a book of Minor Magic

   Spells                             Type                      Level
   a - Magic Dart                     Conjuration                  1
   b - Blink                          Translocation                2
   c - Call Imp                       Summoning                    2
   d - Slow                           Hexes                        2
   e - Conjure Flame                  Conjuration/Fire             3
   f - Mephitic Cloud                 Conjuration/Poison/Air       3
 T - a book of Fire

   Spells                             Type                      Level
   a - Ignite Poison                  Fire/Transmutation/Poison    3
   b - Fireball                       Conjuration/Fire             5
   c - Bolt of Fire                   Conjuration/Fire             6
   d - Ring of Flames                 Charms/Fire                  7
   e - Ignition                       Fire                         8
 Y - a book of Misfortune

   Spells                             Type                      Level
   a - Confusing Touch                Hexes                        1
   b - Confuse                        Hexes                        3
   c - Gell's Gravitas                Translocation                3
   d - Petrify                        Transmutation/Earth          4
   e - Metabolic Englaciation         Hexes/Ice                    5
   f - Yara's Violent Unravelling     Hexes/Transmutation          5
Miscellaneous
 E - a lamp of fire
 M - a box of beasts
Comestibles
 t - 21 rations


   Skills:
 - Level 18.2 Fighting
 - Level 18.0 Axes
 - Level 3.6 Armour
 - Level 5.0 Dodging
 - Level 3.6 Shields
 + Level 10.1 Invocations


You had 13 spell levels left.
You didn't know any spells.

Dungeon Overview and Level Annotations

Branches:
Dungeon (10/15)            Temple (0/1) D:4            Lair (6/6) D:8
  Swamp (0/4) Lair:4        Snake (0/4) Lair:3          Orc (0/2) D:9
  Slime: Lair:5-6

Altars:
Ashenzari
Cheibriados
Elyvilon
Fedhas
Nemelex Xobeh
Qazlal
Vehumet
Wu Jian
Yredelemnul
Zin
The Shining One

Annotations:
Lair:1 exclusion: 3 oklob plants


Innate Abilities, Weirdness & Mutations

You reflexively headbutt those who attack you in melee.
You have a pair of horns on your head.


Message History

Something bites the fungus.
The six-headed hydra bites you!
* * * LOW HITPOINT WARNING * * *
The six-headed hydra bites you but does no damage.
The six-headed hydra bites you!
* * * LOW HITPOINT WARNING * * *
The six-headed hydra bites you.
* * * LOW HITPOINT WARNING * * *
You feel more protected from physical attacks.
The six-headed hydra bites you.
* * * LOW HITPOINT WARNING * * *
The six-headed hydra bites you!
* * * LOW HITPOINT WARNING * * *
You feel more protected from physical attacks.
A hell hound comes into view.
The six-headed hydra bites you but does no damage.
The six-headed hydra bites you.
* * * LOW HITPOINT WARNING * * *
The six-headed hydra bites you but does no damage.
The six-headed hydra bites you!
You die...

# .....# .... ##.
....# ..... ###. ...
P..# ..... #.#..
#.##..###..... .....
.h#..PPP..... #
.....## #.#(PP......
#.......####†.PD......
.........?....@.§.....
....#.....†.....§.....
.....##.....§..§##....
........†.†......# ...
........†........## .
...###....†.....!.#.
###.†..........
#.#†††........
###........P..


You could see a six-headed hydra and a hell hound.

Vanquished Creatures
  A dire elephant (Lair:2)
  Josephine (Lair:4)
  3 hydras
  2 catoblepae
  2 two-headed ogres
  9 death yaks
  The ghost of erker the Transmogrifier, a novice OpTm of Cheibriados (D:8)
  A skeletal warrior (D:9)
  Pikel (D:8)
  An oklob plant (D:7)
  The ghost of vatarom the Destroyer, a novice TeAE of Sif Muna (D:6)
  A torpor snail (Lair:5)
  35 elephants
  5 black mambas
  6 komodo dragons
  8 spiny frogs
  A polar bear (Lair:6)
  A troll (D:9)
  Grinder (D:5)
  11 blink frogs
  The ghost of Iko the Shield-Bearer, an amateur OpFi of Trog (D:9)
  9 hippogriffs
  7 dream sheep
  A spriggan (Lair:2)
  31 yaks
  3 wraiths (Lair:4)
  2 basilisks
  A steam dragon (Lair:6)
  4 nagas (Lair:3)
  Edmund (D:5)
  13 water moccasins
  17 porcupines
  A swamp drake (D:9)
  5 orc warriors
  3 black bears (D:8)
  3 sky beasts
  An ice beast (D:5)
  A slave (D:8)
  3 phantoms
  A centaur (D:7)
  6 ogres
  6 wolves
  The ghost of Phong the Grave Robber, an amateur OpWn (D:3)
  4 big kobolds
  10 crocodiles
  11 bullfrogs
  A wyvern zombie (D:7)
  4 scorpions
  The ghost of Iko the Caller, a weakling MiSu (D:5)
  An electric eel (Lair:1)
  5 crimson imps
  A bullfrog zombie (D:5)
  A quasit (D:8)
  2 jellies
  4 hounds
  Crazy Yiuf (D:3)
  A gnoll shaman (D:4)
  12 orc priests
  11 orc wizards
  6 iguanas
  Ijyb (D:4)
  6 worker ants
  A killer bee zombie (D:6)
  A hound zombie (D:5)
  A hound skeleton (D:5)
  11 gnolls
  8 adders
  A shadow imp (D:5)
  6 oozes
  An adder zombie (D:9)
  3 adder skeletons
  5 worms
  2 dart slugs
  11 leopard geckos
  49 orcs
  A ball python (Sewer)
  14 bats
  6 giant cockroaches
  2 gnoll zombies (D:7)
  8 hobgoblins
  12 jackals
  7 quokkas
  7 frilled lizards
  A giant cockroach zombie (D:5)
  7 goblins
  A jackal skeleton (D:6)
  A jackal zombie (D:6)
  10 kobolds
  A leopard gecko skeleton (D:4)
  A quokka skeleton (D:9)
  9 rats
  5 fungi
  11 plants
500 creatures vanquished.

Vanquished Creatures (collateral kills)
  A hydra (Lair:6)
  A black mamba (Lair:6)
  An elephant (Lair:2)
  3 yaks (Lair:6)
6 creatures vanquished.

Vanquished Creatures (others)
  2 slaves (D:8)
  64 fungi
  49 plants
115 creatures vanquished.

Grand Total: 621 creatures vanquished

Notes
Turn   | Place    | Note
-------+----------+-------------------------------------------
     0 | D:1      | poirepourri the Minotaur Fighter began the quest for the Orb.
     0 | D:1      | Reached XP level 1. HP: 19/19 MP: 0/0
   237 | D:1      | Reached XP level 2. HP: 26/26 MP: 1/1
   457 | D:1      | Reached XP level 3. HP: 33/33 MP: 2/2
  1050 | D:2      | Found a snail-covered altar of Cheibriados.
  1099 | D:2      | Found a glowing golden altar of the Shining One.
  1308 | D:2      | Found a glowing silver altar of Zin.
  1513 | D:3      | Found a stormy altar of Qazlal.
  1548 | D:3      | Became a worshipper of Qazlal Stormbringer
  1591 | D:3      | Noticed Phong's ghost (amateur OpWn)
  1595 | D:3      | Reached XP level 4. HP: 40/40 MP: 3/3
  1605 | D:3      | Killed Phong's ghost
  1605 | D:3      | Reached XP level 5. HP: 25/46 MP: 4/4
  1868 | D:3      | Found a glowing drain.
  1883 | Sewer    | Entered a sewer
  1886 | Sewer    | Reached * piety under Qazlal
  2720 | D:3      | Found a radiant altar of Vehumet.
  2777 | D:3      | Found an ornate altar of the Wu Jian Council.
  3174 | D:3      | Found a runed door.
  3178 | D:3      | Noticed Crazy Yiuf
  3193 | D:3      | Killed Crazy Yiuf
  3193 | D:3      | Reached XP level 6. HP: 39/52 MP: 5/5
  3282 | D:4      | Found a staircase to the Ecumenical Temple.
  3360 | D:4      | Reached ** piety under Qazlal
  3415 | D:4      | Reached XP level 7. HP: 20/59 MP: 6/6
  3792 | D:4      | Noticed Ijyb
  3801 | D:4      | Killed Ijyb
  4056 | D:5      | Entered Level 5 of the Dungeon
  4105 | D:5      | Reached skill level 10 in Axes
  4233 | D:5      | Noticed Grinder
  4265 | D:5      | Paralysed by Grinder for 3 turns
  4271 | D:5      | Killed Grinder
  4271 | D:5      | Reached XP level 8. HP: 32/66 MP: 7/7
  4547 | D:5      | Noticed Iko's ghost (weakling MiSu)
  4553 | D:5      | Killed Iko's ghost
  4578 | D:5      | Reached skill level 5 in Fighting
  4590 | D:5      | Reached *** piety under Qazlal
  4679 | D:5      | Found a shattered altar of Ashenzari.
  4756 | D:5      | Noticed Edmund
  4769 | D:5      | Killed Edmund
  5345 | D:5      | Got an iridescent war axe
  5346 | D:5      | Identified the cursed +2 war axe of Forgiveness {elec, *Slow +Rage rPois} (You found it on level 5 of the Dungeon)
  5452 | D:6      | Reached skill level 5 in Dodging
  5475 | D:6      | Noticed vatarom's ghost (novice TeAE)
  5481 | D:6      | Killed vatarom's ghost
  5481 | D:6      | Reached XP level 9. HP: 78/78 MP: 8/8
  5993 | D:7      | Reached **** piety under Qazlal
  6300 | D:7      | Found a basalt altar of Yredelemnul.
  6342 | D:7      | Reached XP level 10. HP: 61/84 MP: 9/9
  6543 | D:7      | Found a white marble altar of Elyvilon.
  6606 | D:7      | Reached skill level 15 in Axes
  6607 | D:7      | Noticed a two-headed ogre
  6613 | D:7      | Killed a two-headed ogre
  6770 | D:7      | Found a blossoming altar of Fedhas.
  6780 | D:7      | Noticed an oklob plant
  6830 | D:7      | Killed an oklob plant
  6992 | D:8      | Noticed Pikel
  6993 | D:8      | Noticed erker's ghost (novice OpTm)
  6998 | D:8      | Killed Pikel
  7003 | D:8      | Killed erker's ghost
  7330 | D:8      | Reached XP level 11. HP: 87/91 MP: 10/10
  7337 | D:8      | Found a staircase to the Lair.
  7602 | D:8      | Found a sparkling altar of Nemelex Xobeh.
  7831 | D:9      | Noticed a two-headed ogre
  7836 | D:9      | Noticed a skeletal warrior
  7840 | D:9      | Killed a two-headed ogre
  7862 | D:9      | Killed a skeletal warrior
  7959 | D:9      | Noticed Iko's ghost (amateur OpFi)
  7966 | D:9      | Killed Iko's ghost
  8101 | D:9      | Reached ***** piety under Qazlal
  8251 | D:9      | Found a staircase to the Orcish Mines.
  8617 | D:9      | Noticed a three-headed hydra
  8629 | D:9      | Killed a five-headed hydra
  8818 | D:10     | Entered Level 10 of the Dungeon
  8884 | Lair:1   | Entered Level 1 of the Lair of Beasts
  8888 | Lair:1   | Reached skill level 10 in Fighting
  9310 | Lair:1   | Reached XP level 12. HP: 65/112 MP: 11/11
 10743 | Lair:2   | Noticed a dire elephant
 10763 | Lair:2   | Killed a dire elephant
 10809 | Lair:2   | Reached skill level 15 in Fighting
 10827 | Lair:2   | Reached ****** piety under Qazlal
 11665 | Lair:3   | Found a staircase to the Snake Pit.
 11693 | Lair:3   | Noticed a death yak
 11694 | Lair:3   | Noticed a death yak
 11696 | Lair:3   | Noticed a death yak
 11702 | Lair:3   | Killed a death yak
 11703 | Lair:3   | Killed a death yak
 11703 | Lair:3   | Reached XP level 13. HP: 80/130 MP: 12/12
 12378 | Lair:4   | Noticed Josephine
 12385 | Lair:4   | Killed Josephine
 12693 | Lair:4   | Reached skill level 1 in Invocations
 12712 | Lair:4   | Reached skill level 5 in Invocations
 13220 | Lair:4   | Found a staircase to the Swamp.
 13400 | Lair:5   | Reached XP level 14. HP: 110/143 MP: 18/18
 13685 | Lair:5   | Got a brightly glowing brass ring
 13953 | Lair:5   | Identified the ring "Afurghaq" {Int+3 Dex+2 Stlth+} (You found it on level 5 of the Lair of Beasts)
 14236 | Lair:6   | Entered Level 6 of the Lair of Beasts
 14287 | Lair:6   | Reached skill level 10 in Invocations
 14335 | Lair:6   | HP: 4/143 [six-headed hydra (4)]
 14336 | Lair:6   | Slain by a six-headed hydra

Skill      XL: |  1  2  3  4  5  6  7  8  9 10 11 12 13 14 |
---------------+-------------------------------------------+-----
Axes           | 3 4 6 7 9 11 14 17 18 | 18.0
Fighting       | 4 6 12 16 18 | 18.2
Dodging        | 5 |  5.0
Invocations    | 7 10 | 10.1
Armour         | |  3.6
Shields        | |  3.6

Action                   |  1- 3 |  4- 6 |  7- 9 | 10-12 | 13-15 || total
-------------------------+-------+-------+-------+-------+-------++-------
Melee: War axe           |    78 |   129 |   243 |   379 |   164 ||   993
       Headbutt          |    11 |    15 |    42 |    93 |    52 ||   213
       Flail             |       |       |       |       |     4 ||     4
Invok: Disaster Area     |       |       |       |       |     2 ||     2
       Elemental Force   |       |       |       |       |     3 ||     3
 Abil: Evoke Berserk Rag |       |       |     1 |     1 |       ||     2
Evoke: Wand              |       |       |       |     4 |       ||     4
       Box of beasts     |       |       |       |     3 |       ||     3
       Lamp of fire      |       |       |       |     1 |       ||     1
  Use: Scroll            |     7 |    10 |     7 |     8 |     9 ||    41
       Potion            |       |     4 |       |     1 |     1 ||     6
 Stab: Invisible         |       |     2 |       |       |       ||     2
       Distracted        |       |       |       |     1 |       ||     1
  Eat: Ration            |     1 |     2 |     3 |     4 |     2 ||    12
       Chunk             |       |       |       |     4 |       ||     4
Armor: Scale mail        |    32 |    90 |    73 |   117 |   161 ||   473
Dodge: Dodged            |    33 |    58 |    52 |   118 |   104 ||   365
       Deflected         |       |       |       |     4 |     1 ||     5
Block: Shield            |    51 |   149 |   168 |   391 |   295 ||  1054
